[ AOE2 MATCH · #505592606 ]
UnrankedMongols vs Bulgarians
Player's team · LOSS
Rival team · WIN
[ REPLAY ANALYSIS · EXTRACTED FROM THE RECORDED GAME ]
Feudal
—
Castle
—
Imperial
—
| APM avg | 43.4 |
| APM peak | 91 |
| eAPM avg | 19.8 |
| Villagers / military | 42 / 0 |
Focus
⚔️ 43.5% · 🌾 56.5%
Feudal
11:00
Castle
—
Imperial
—
| APM avg | 46.1 |
| APM peak | 89 |
| eAPM avg | 15.3 |
| Villagers / military | 44 / 6 |
Focus
⚔️ 30.3% · 🌾 69.7%
Archer ×3 · Militia ×3
Match map
Initial resources + every placement click. Lines = walls · curves = elevation contours. ◆ gold · ⬟ stone · ● berries · ✦ relic · ◌ wall gap
Your base· Open — 3t gap
Vmmp11's base· Open — 4t gap
Smoothed initial terrain · ◌ = detected wall gap · hover for details
Inputs per minute
— Redwood MC9 - - Vmmp11
Build order — Redwood MC9
76 actions detected in the replay
| 0:00 | Queue | Villager (Male) |
| 0:00 | Queue | Villager (Male) |
| 0:01 | Queue | Villager (Male) |
| 0:02 | Build | House |
| 0:04 | Build | House |
| 0:17 | Queue | Villager (Male) |
| 1:11 | Queue | Villager (Male) |
| 1:29 | Queue | Villager (Male) |
| 1:29 | Queue | Villager (Male) |
| 1:53 | Build | Lumber Camp |
| 1:58 | Queue | Villager (Male) |
| 1:58 | Queue | Villager (Male) |
| 2:12 | Queue | Villager (Male) |
| 2:37 | Queue | Villager (Male) ×2 |
| 3:00 | Build | House |
| 3:13 | Queue | Villager (Male) ×2 |
| 3:35 | Queue | Villager (Male) |
| 3:35 | Queue | Villager (Male) |
| 4:33 | Build | House |
| 4:48 | Queue | Villager (Male) |
| 5:07 | Build | Palisade Wall |
| 5:08 | Build | Palisade Wall |
| 5:09 | Build | Palisade Wall |
| 5:30 | Research | Loom |
| 5:43 | Queue | Villager (Male) |
| 6:15 | Build | House |
| 6:16 | Build | Palisade Wall |
| 6:45 | Queue | Villager (Male) |
| 7:36 | Build | House |
| 7:39 | Build | Palisade Wall |
| 7:43 | Build | Town Center |
| 7:55 | Build | Palisade Gate |
| 8:14 | Build | Mill |
| 8:17 | Build | Palisade Wall |
| 8:29 | Build | Palisade Wall |
| 8:29 | Build | Palisade Wall |
| 8:30 | Build | Palisade Wall |
| 8:31 | Build | Palisade Wall |
| 8:51 | Queue | Villager (Male) ×5 |
| 8:51 | Queue | Villager (Male) ×5 |
| 8:52 | Queue | Villager (Male) ×3 |
| 9:48 | Build | Palisade Wall |
| 9:49 | Build | Palisade Wall |
| 9:49 | Build | Palisade Wall |
| 9:49 | Build | Palisade Wall |
| 9:50 | Build | Palisade Wall |
| 9:50 | Build | Palisade Wall |
| 9:50 | Build | Palisade Wall |
| 9:50 | Build | Palisade Wall |
| 9:51 | Build | Palisade Wall |
| 10:30 | Build | Palisade Wall |
| 10:45 | Build | Palisade Wall |
| 11:57 | Build | Palisade Wall |
| 12:20 | Queue | Villager (Male) |
| 12:20 | Queue | Villager (Male) |
| 12:21 | Queue | Villager (Male) |
| 12:21 | Queue | Villager (Male) |
| 12:21 | Queue | Villager (Male) |
| 12:21 | Queue | Villager (Male) |
| 12:28 | Build | House |
| 14:24 | Queue | Villager (Male) |
| 15:47 | Queue | Villager (Male) ×2 |
| 16:11 | Build | Palisade Wall |
| 16:13 | Build | Palisade Wall |
| 16:13 | Build | Palisade Wall |
| 16:13 | Build | Palisade Wall |
| 16:13 | Build | Palisade Wall |
| 16:15 | Build | Palisade Wall |
| 16:45 | Queue | Villager (Male) |
| 20:27 | Build | Palisade Wall |
| 20:34 | Build | Palisade Wall |
| 20:45 | Build | Town Center |
| 20:47 | Build | Palisade Wall |
| 21:10 | Build | Palisade Wall |
| 21:11 | Build | Palisade Wall |
| 21:18 | Build | Palisade Wall |
Build order — Vmmp11
83 actions detected in the replay
| 0:00 | Queue | Villager (Male) |
| 0:01 | Queue | Villager (Male) |
| 0:01 | Queue | Villager (Male) |
| 0:02 | Build | House |
| 0:03 | Build | House |
| 0:15 | Queue | Villager (Male) |
| 1:24 | Queue | Villager (Male) |
| 1:24 | Queue | Villager (Male) |
| 1:48 | Queue | Villager (Male) |
| 1:54 | Build | Lumber Camp |
| 2:20 | Queue | Villager (Male) |
| 2:20 | Queue | Villager (Male) |
| 2:55 | Queue | Villager (Male) |
| 2:55 | Queue | Villager (Male) |
| 2:56 | Queue | Villager (Male) |
| 3:26 | Queue | Villager (Male) |
| 3:53 | Build | House |
| 4:03 | Queue | Villager (Male) |
| 4:03 | Queue | Villager (Male) |
| 4:32 | Build | Barracks |
| 4:54 | Queue | Villager (Male) |
| 5:11 | Build | House |
| 5:16 | Queue | Villager (Male) |
| 5:16 | Queue | Villager (Male) |
| 5:19 | Build | House |
| 5:23 | Queue | Villager (Male) |
| 5:23 | Queue | Villager (Male) |
| 5:48 | Queue | Militia |
| 6:02 | Build | Palisade Wall |
| 6:11 | Queue | Militia |
| 6:20 | Queue | Villager (Male) |
| 6:24 | Queue | Villager (Male) |
| 6:38 | Queue | Militia |
| 6:49 | Queue | Villager (Male) |
| 6:54 | Build | Mill |
| 7:14 | Queue | Villager (Male) |
| 7:43 | Queue | Villager (Male) |
| 8:03 | Research | Loom |
| 8:41 | Research | Feudal Age |
| 10:22 | Queue | Villager (Male) |
| 10:24 | Build | House |
| 11:00 | Age | Feudal Age |
| 11:01 | Queue | Villager (Male) |
| 11:20 | Build | Archery Range |
| 11:29 | Queue | Villager (Male) |
| 11:32 | Build | Mining Camp |
| 11:39 | Queue | Villager (Male) |
| 12:01 | Queue | Villager (Male) |
| 12:55 | Queue | Villager (Male) |
| 13:04 | Queue | Archer |
| 13:08 | Build | House |
| 13:10 | Queue | Villager (Male) |
| 13:22 | Build | Palisade Wall |
| 13:43 | Queue | Villager (Male) |
| 13:50 | Queue | Villager (Male) |
| 14:18 | Queue | Villager (Male) |
| 14:19 | Queue | Archer |
| 14:35 | Build | Watch Tower |
| 15:01 | Build | Palisade Wall |
| 15:01 | Build | Palisade Wall |
| 15:04 | Build | Palisade Wall |
| 15:05 | Build | Palisade Wall |
| 15:08 | Build | Palisade Wall |
| 15:10 | Build | Palisade Wall |
| 15:12 | Build | Palisade Wall |
| 15:35 | Queue | Villager (Male) |
| 15:38 | Queue | Archer |
| 15:49 | Queue | Villager (Male) |
| 16:36 | Build | Palisade Wall |
| 16:37 | Build | Palisade Wall |
| 16:39 | Build | Palisade Wall |
| 16:41 | Build | Palisade Wall |
| 16:42 | Build | Palisade Wall |
| 16:51 | Queue | Villager (Male) |
| 17:25 | Queue | Villager (Male) |
| 17:57 | Queue | Villager (Male) |
| 18:08 | Queue | Villager (Male) |
| 18:35 | Build | Palisade Wall |
| 18:59 | Queue | Villager (Male) |
| 20:03 | Queue | Villager (Male) |
| 20:12 | Queue | Villager (Male) |
| 20:35 | Build | Palisade Wall |
| 20:39 | Build | Palisade Wall |
Match timeline
| 4:32 | Vmmp11 · first_building Barracks |
| 5:07 | Redwood MC9 · wall_segment Palisade Wall x1 |
| 5:08 | Redwood MC9 · wall_segment Palisade Wall x1 |
| 5:09 | Redwood MC9 · wall_segment Palisade Wall x1 |
| 6:02 | Vmmp11 · wall_segment Palisade Wall x6 |
| 6:16 | Redwood MC9 · wall_segment Palisade Wall x5 |
| 7:39 | Redwood MC9 · wall_segment Palisade Wall x6 |
| 8:17 | Redwood MC9 · wall_segment Palisade Wall x1 |
| 8:29 | Redwood MC9 · wall_segment Palisade Wall x1 |
| 8:29 | Redwood MC9 · wall_segment Palisade Wall x1 |
| 8:30 | Redwood MC9 · wall_segment Palisade Wall x1 |
| 8:31 | Redwood MC9 · wall_segment Palisade Wall x1 |
| 9:48 | Redwood MC9 · wall_segment Palisade Wall x1 |
| 9:49 | Redwood MC9 · wall_segment Palisade Wall x1 |
| 9:49 | Redwood MC9 · wall_segment Palisade Wall x1 |
| 9:49 | Redwood MC9 · wall_segment Palisade Wall x2 |
| 9:50 | Redwood MC9 · wall_segment Palisade Wall x2 |
| 9:50 | Redwood MC9 · wall_segment Palisade Wall x1 |
| 9:50 | Redwood MC9 · wall_segment Palisade Wall x1 |
| 9:50 | Redwood MC9 · wall_segment Palisade Wall x2 |
| 9:51 | Redwood MC9 · wall_segment Palisade Wall x1 |
| 10:30 | Redwood MC9 · wall_segment Palisade Wall x1 |
| 10:45 | Redwood MC9 · wall_segment Palisade Wall x1 |
| 11:00 | Vmmp11 · age_up feudal |
| 11:20 | Vmmp11 · first_building Archery Range |
| 11:57 | Redwood MC9 · wall_segment Palisade Wall x1 |
| 13:22 | Vmmp11 · wall_segment Palisade Wall x1 |
| 15:01 | Vmmp11 · wall_segment Palisade Wall x1 |
| 15:01 | Vmmp11 · wall_segment Palisade Wall x1 |
| 15:04 | Vmmp11 · wall_segment Palisade Wall x1 |
| 15:05 | Vmmp11 · wall_segment Palisade Wall x1 |
| 15:08 | Vmmp11 · wall_segment Palisade Wall x1 |
| 15:10 | Vmmp11 · wall_segment Palisade Wall x1 |
| 15:12 | Vmmp11 · wall_segment Palisade Wall x1 |
| 16:11 | Redwood MC9 · wall_segment Palisade Wall x1 |
| 16:13 | Redwood MC9 · wall_segment Palisade Wall x1 |
| 16:13 | Redwood MC9 · wall_segment Palisade Wall x1 |
| 16:13 | Redwood MC9 · wall_segment Palisade Wall x1 |
| 16:13 | Redwood MC9 · wall_segment Palisade Wall x1 |
| 16:15 | Redwood MC9 · wall_segment Palisade Wall x8 |
| 16:36 | Vmmp11 · wall_segment Palisade Wall x1 |
| 16:37 | Vmmp11 · wall_segment Palisade Wall x1 |
| 16:39 | Vmmp11 · wall_segment Palisade Wall x1 |
| 16:41 | Vmmp11 · wall_segment Palisade Wall x1 |
| 16:42 | Vmmp11 · wall_segment Palisade Wall x1 |
| 18:35 | Vmmp11 · wall_segment Palisade Wall x1 |
| 20:27 | Redwood MC9 · wall_segment Palisade Wall x9 |
| 20:34 | Redwood MC9 · wall_segment Palisade Wall x8 |
| 20:35 | Vmmp11 · wall_segment Palisade Wall x1 |
| 20:39 | Vmmp11 · wall_segment Palisade Wall x1 |
| 20:47 | Redwood MC9 · wall_segment Palisade Wall x5 |
| 21:10 | Redwood MC9 · wall_segment Palisade Wall x1 |
| 21:11 | Redwood MC9 · wall_segment Palisade Wall x1 |
| 21:18 | Redwood MC9 · wall_segment Palisade Wall x1 |
| 22:08 | Redwood MC9 · resign |
[ AI ANALYSIS · 1 CREDIT ]
What really happened in this match?
Wolo.gg analyzes every decision: build order, eco, micro, common mistakes by bracket. Personalized analysis on WhatsApp or Discord in 30 seconds.
Civ guide
Mongols
Perfil
Jugador #10953296